Map: Ulrena

Players

capac

  • Race: Terran Terran
  • League: Gold

Falcon - Winner!

  • Race: Zerg Zerg
  • League: Gold

VOD

Have the link to the VOD?

Description

Time

  • Played on: April 10, 2016, 11:09 a.m.
  • Length: 12:15
Show
View Real Time Build Order
Export as new Build Order

capac Terran 

Build Orders: Reaper Expand, MMM Bio 

Get SALT Encoding   

  12  0:01  SCV  
  13  0:13  SCV  
  14  0:18  Supply Depot  
  14  0:25  SCV  
  15  0:40  SCV  
  15  0:41  Barracks  
  16  0:46  Refinery  
  16  0:52  SCV  
  17  1:04  SCV  
  18  1:16  SCV  
  19  1:29  Reaper  
  19  1:31  Orbital Command  
  20  1:43  Command Center  
  20  1:59  SCV  
  20  2:01  Supply Depot  
  21  2:03  Marine  
  22  2:11  Factory  
  22  2:13  SCV  
  23  2:26  Barracks Reactor  
  23  2:36  SCV  
  24  2:38  Refinery  
  24  2:42  Barracks  
  24  2:51  SCV  
  26  2:58  Orbital Command  
  25  3:03  Marine x2  
  26  3:11  Bunker, Orbital Command  
  26  3:17  Factory Tech Lab  
  26  3:18  Starport  
  26  3:21  Marine x2  
  26  3:32  Marine  
  27  3:38  Marine  
  28  3:43  Orbital Command  
  28  3:44  Marine  
  28  3:45  Siege Tank  
  31  4:18  SCV  
  31  4:21  Bunker  
  31  4:22  SCV  
  33  4:27  Medivac  
  33  4:30  SCV  
  36  4:34  Marine x2  
  36  4:35  SCV  
  36  4:36  Barracks Tech Lab  
  39  4:41  Supply Depot  
  39  4:42  SCV  
  40  4:46  Engineering Bay  
  40  4:50  SCV  
  41  4:54  Marine x2, SCV  
  41  4:55  Marine  
  45  5:00  Stimpack  
  45  5:07  SCV  
  47  5:08  Supply Depot, SCV  
  47  5:19  Siege Tank, SCV  
  47  5:20  SCV  
  52  5:21  Refinery  
  52  5:26  Marine x2  
  54  5:29  Supply Depot, Marine  
  54  5:31  SCV  
  54  5:32  Starport Reactor, SCV  
  57  5:36  Refinery  
  57  5:43  SCV  
  57  5:45  SCV  
  59  5:55  Liberator  
  59  6:14  Marine x3  
  65  6:23  Supply Depot  
  65  6:27  Command Center  
  65  6:28  Siege Tank  
  65  6:29  Barracks  
  65  6:30  Barracks  
  65  6:32  Marine x2  
  70  6:44  Marine  
  71  6:55  Marine x2  
  73  7:02  Marine  
  73  7:03  Medivac x2  
  78  7:33  Barracks Reactor  
  78  7:38  Marine x3, Siege Tank  
  78  7:39  SCV x2  
  78  7:41  Barracks Reactor  
  86  7:44  Orbital Command  
  86  7:47  Refinery  
  86  7:55  Medivac  
  86  7:56  Marine x3  
  90  8:12  Marine x2  
  80  8:14  Marine x2  
  80  8:19  Marine x2  
  84  8:20  Marine  
  84  8:23  Terran Infantry Weapons Level 1  
  84  8:24  Supply Depot  
  86  8:31  Supply Depot  
  86  8:32  SCV x2  
  88  8:36  SCV  
  88  8:39  Marine  
  88  8:40  Marine x3  
  93  8:44  Marine x2, SCV  
  93  8:45  Marine  
  93  8:46  SCV  
  95  8:49  SCV  
  94  8:59  Siege Tank  
  97  9:06  Starport  
  97  9:07  Factory  
  97  9:09  Medivac x2  
  96  9:32  Marine x6  
  96  9:33  Marauder  
  96  9:35  Combat Shields  
  104  9:40  SCV x3  
  100  9:50  Liberator x2  
  100  9:52  SCV x2  
  83  9:53  SCV  
  83  9:58  Marine x4  
  78  10:04  Marine x3  
  81  10:08  Starport Reactor  
  81  10:10  Supply Depot x2  
  81  10:11  Engineering Bay  
  87  10:15  Refinery, Marine x2  
  87  10:16  Marine x2  
  91  10:21  Marine  
  91  10:25  Barracks  
  92  10:34  Supply Depot  
  92  10:38  Armory  
  92  10:39  Marine x4  
  92  10:40  Marine x2  
  59  11:13  Marine x2  
  59  11:14  Marine x5  
  41  11:31  Marine  
  41  11:32  Marine x2  
  42  11:46  Marine x3  
  44  11:47  Marauder  
Show
View Real Time Build Order
Export as new Build Order

Falcon Zerg - Winner!

Build Orders: Hatch First 

Get SALT Encoding   

  12  0:01  Drone  
  13  0:13  Overlord  
  13  0:17  Drone  
  14  0:32  Drone x2  
  16  0:41  Drone  
  17  0:55  Hatchery  
  16  1:00  Extractor  
  16  1:03  Drone  
  16  1:10  Drone  
  18  1:11  Drone  
  18  1:21  Spawning Pool  
  17  1:27  Drone  
  18  1:40  Overlord  
  18  1:53  Drone  
  18  1:54  Drone  
  20  2:08  Queen  
  20  2:10  Queen  
  20  2:11  Zergling x2  
  20  2:13  Metabolic Boost  
  25  2:31  Zergling x6  
  28  2:46  Queen  
  28  2:48  Queen  
  31  3:07  Drone x2  
  31  3:08  Drone x2  
  31  3:09  Overlord  
  35  3:15  Overlord  
  35  3:29  Drone  
  35  3:30  Drone x2  
  38  3:42  Drone x3  
  41  3:50  Roach Warren  
  40  4:05  Extractor  
  40  4:09  Drone x8  
  44  4:18  Zergling x4  
  46  4:30  Overlord x2  
  46  4:45  Hatchery  
  45  5:05  Overlord x3  
  45  5:06  Overlord, Extractor  
  44  5:07  Extractor  
  44  5:12  Evolution Chamber, Lair  
  42  5:15  Evolution Chamber  
  41  5:29  Drone x5  
  41  5:30  Drone x2  
  48  5:41  Drone x3  
  48  5:42  Drone x2  
  53  5:49  Zerg Missile Weapons Level 1, Zerg Ground Armor Level 1  
  53  5:54  Roach  
  53  5:55  Roach x4  
  63  6:18  Roach  
  63  6:19  Roach x7  
  63  6:20  Glial Reconstitution  
  77  6:27  Drone x3  
  80  6:49  Roach x4  
  80  6:51  Overlord x3  
  88  7:09  Queen  
  88  7:12  Hydralisk Den  
  88  7:14  Hatchery  
  88  7:32  Roach  
  88  7:33  Roach x10  
  88  7:36  Ravager x3  
  113  7:54  Overlord x3  
  113  7:57  Zerg Missile Weapons Level 2, Zerg Ground Armor Level 2  
  100  8:22  Extractor  
  100  8:23  Extractor  
  100  8:26  Queen  
  100  8:27  Drone x2  
  100  8:28  Drone x5  
  100  8:30  Roach  
  100  8:31  Roach x2  
  113  8:48  Ravager x4  
  113  8:49  Ravager x3  
  113  8:51  Overlord x2  
  113  8:54  Roach x2  
  122  9:07  Hydralisk x3  
  122  9:29  Roach x5  
  120  9:47  Roach  
  120  9:48  Roach x9  
  122  10:03  Hatchery, Muscular Augments  
  122  10:04  Infestation Pit  
  118  10:12  Roach  
  118  10:13  Roach x7  
  134  10:19  Drone x3  
  137  10:30  Ravager  
  137  10:31  Ravager  
  137  10:32  Ravager x2  
  141  10:40  Hive  
  141  10:45  Hydralisk  
  141  10:46  Hydralisk  
  110  11:17  Roach  
  110  11:18  Roach x10  
  130  11:22  Hydralisk x4  
  130  11:23  Hydralisk x2  
  142  11:32  Roach x2  
  148  11:33  Roach x2  
  150  11:48  Roach x3  
  150  11:49  Overlord  
  150  11:50  Overlord x2  
Tags
 
Add a new tag
Caveats
  • Supply blocks, unpowered buildings, or Contaminate may cause inaccurate times.
  • Supply counts are checked every 10 seconds.